Detroit Red Wings vs Boston Bruins

Created - Tuesday, January 20, 2026 at 08:14

Goals
1 2 3 T
Detroit Red Wings 0 1 2 3
Boston Bruins 0 1 3 4
Shots
1 2 3 T
Detroit Red Wings 7 11 12 30
Boston Bruins 11 13 12 36

1st period

No Goal

Penalties :
No Penalty

2nd period

1. Detroit Red Wings , Collin Graf 3 (Cutter Gauthier 3, Laurent Brossoit) at 4:12 (PP)
2. Boston Bruins , Ryan Strome 4 (Alex Laferriere 4, Rasmus Sandin 3) at 8:15 (PP)

Penalties :
Jaden Schwartz (BOS) for Interference (Minor) at 3:59, Jamie Drysdale (DET) for Slashing (Minor) at 8:08, Ozzy Wiesblatt (BOS) for High sticking (Minor) at 11:31, Zachary L'Heureux (DET) for Roughing (Minor) at 12:30, Conor Timmins (DET) for Tripping (Minor) at 17:16

3rd period

3. Boston Bruins , Jaden Schwartz 1 (Alex Laferriere 5, Ryan Strome 7) at 3:19
4. Boston Bruins , Jaden Schwartz 2 (Ryan Strome 8) at 6:08 (PP)
5. Boston Bruins , Viktor Arvidsson 4 (Maxim Tsyplakov 2) at 9:52 (PP)
6. Detroit Red Wings , Zachary L'Heureux 4 (Cole Sillinger 7, Jackson LaCombe 2) at 11:29
7. Detroit Red Wings , Zachary L'Heureux 5 (Jamie Drysdale 2, Cole Sillinger 8) at 11:35

Penalties :
Dmitry Orlov (DET) for Holding (Minor) at 5:52, Zachary L'Heureux (DET) for Hooking (Minor) at 8:30, Zachary L'Heureux (DET) for Holding (Minor) at 14:08, Adam Wilsby (BOS) for Delaying the game (Minor) at 19:00

Goalie Stats

Laurent Brossoit (DET), 32 saves from 36 shots - (0.889), L, 0-2-0, 58:55 minutes
Petr Mrazek (BOS), 27 saves from 30 shots - (0.900), W, 1-1-1, 60:00 minutes

Players Stats for Detroit Red Wings

Player Name              G  A  P  +/- PIM S  H  SB GA TA FO     MP     PP MP  PK MP  
------------------------------------------------------------------------------------
Arthur Kaliyev           0  0  0   2  0   1  1  1  1  0  0/0    15:11   0:58   0:00 
Brad Lambert             0  0  0  -1  0   0  2  1  0  0  2/6    12:43   0:00   0:34 
Cole Sillinger           0  2  2   2  0   2  3  1  1  0  10/29  19:45   0:58   3:20 
Collin Graf              1  0  1   0  0   3  1  1  1  0  1/2    21:20   1:13   3:14 
Conor Timmins            0  0  0  -1  2   0  3  1  0  1  0/0    13:10   0:00   2:04 
Cutter Gauthier          0  1  1   0  0   2  1  0  1  1  3/9    17:22   1:13   0:05 
Dmitry Orlov             0  0  0   1  2   2  0  4  0  2  0/0    24:42   0:44   3:33 
Fraser Minten            0  0  0   0  0   0  3  0  0  0  0/0    16:45   1:13   0:00 
Jackson LaCombe          0  1  1   1  0   2  0  1  2  3  0/0    28:26   0:44   3:33 
Jamie Drysdale           0  1  1   1  2   1  0  0  0  1  0/0    20:55   1:27   0:21 
Kevin Stenlund           0  0  0   0  0   1  1  0  0  0  2/7    10:51   0:00   3:03 
Nate Danielson           0  0  0  -1  0   2  2  1  0  0  0/0    14:58   0:00   2:59 
Peyton Krebs             0  0  0   0  0   2  0  0  0  0  0/0     8:05   0:00   0:00 
Ryan Graves              0  0  0  -1  0   1  1  0  0  3  0/0    13:55   0:00   2:48 
Shayne Gostisbehere      0  0  0   1  0   1  0  0  0  1  0/0    17:57   1:27   1:05 
Tanner Pearson           0  0  0  -1  0   2  0  1  0  0  0/1    11:58   0:00   0:00 
Vasili Podkolzin         0  0  0   0  0   5  2  0  0  1  0/0     8:14   0:00   0:09 
Zachary L'Heureux        2  0  2   2  6   3  0  0  0  0  1/2    15:55   0:57   0:00 

Players Stats for Boston Bruins

Player Name              G  A  P  +/- PIM S  H  SB GA TA FO     MP     PP MP  PK MP  
------------------------------------------------------------------------------------
Aatu Raty                0  0  0   0  0   0  1  0  0  0  7/9    13:22   0:00   0:00 
Adam Wilsby              0  0  0  -1  2   2  2  1  0  0  0/0    14:58   0:00   0:00 
Alex Laferriere          0  2  2  -1  0   2  4  0  1  1  3/6    18:18   3:35   1:08 
Beck Malenstyn           0  0  0   0  0   0  3  0  1  0  6/8    13:04   2:59   0:00 
Jaden Schwartz           2  0  2  -1  2   4  0  0  1  0  0/4    16:43   3:35   0:00 
Jakob Pelletier          0  0  0   0  0   1  1  0  2  0  0/0    10:34   0:30   0:00 
Joel Farabee             0  0  0   0  0   3  1  0  3  0  0/0    14:13   0:00   0:00 
John Marino              0  0  0   0  0   2  0  4  0  0  0/0    22:02   3:24   1:05 
Maxim Tsyplakov          0  1  1   0  0   3  1  1  1  0  0/0    17:44   3:07   1:08 
Ozzy Wiesblatt           0  0  0   0  2   1  1  0  1  0  0/0    10:00   0:00   0:00 
Rasmus Sandin            0  1  1   0  0   2  2  2  0  1  0/0    22:40   3:18   1:06 
Ryan Strome              1  2  3  -1  0   3  4  0  0  1  19/24  18:07   3:25   1:03 
Sam Morton               0  0  0   0  0   1  0  1  0  0  2/5    13:47   0:00   0:00 
Samuel Girard            0  0  0   0  0   1  2  1  1  2  0/0    22:40   3:18   1:06 
Taylor Raddysh           0  0  0   0  0   9  2  0  0  0  0/0    13:47   0:00   0:00 
Urho Vaakanainen         0  0  0   0  0   0  1  1  0  1  0/0    22:02   3:24   1:05 
Victor Mancini           0  0  0  -1  0   0  1  2  1  0  0/0    14:59   0:00   0:00 
Viktor Arvidsson         1  0  1   0  0   2  1  0  1  0  0/0    17:46   2:55   1:03 

3 Stars

1 - Ryan Strome (BOS)
2 - Cole Sillinger (DET)
3 - Jaden Schwartz (BOS)

Power Play

Detroit Red Wings - 1 on 3 Attempt(s) - 33.33%
Boston Bruins - 3 on 6 Attempt(s) - 50.00%

Penalty Kill

Detroit Red Wings - 3 on 6 Attempt(s) - 50.00% - Score 0 goal in Penalty Kill
Boston Bruins - 2 on 3 Attempt(s) - 66.67% - Score 0 goal in Penalty Kill

Team Stat

Detroit Red Wings - Hits : 20 - Faceoff Wins : 19 - Blocked Shots : 12 - Penalty Minutes : 12
Boston Bruins - Hits : 27 - Faceoff Wins : 37 - Blocked Shots : 13 - Penalty Minutes : 6

Official

Referees : Kendrick Nicholson and Francois St Laurent
Linesman : James Tobias and Dan Kelly

Game Notes

No Game Note

Finance

Level 1 -- Attendance: 4325 (72.08%) -- Ticket Income $432,500
Level 2 -- Attendance: 3528 (70.56%) -- Ticket Income $211,680
Level 3 -- Attendance: 3000 (100.00%) -- Ticket Income $105,000
Level 4 -- Attendance: 3502 (70.04%) -- Ticket Income $87,550
Luxury Box -- Attendance: 722 (72.20%) -- Ticket Income $144,400
Game was played at the TD Garden.
Total Attendance: 15077 (75.39%)
Total Ticket Income: $981,130
Other Income: $343,396
Total Income: $1,324,526

Detroit Red Wings

5 vs 5 Forward 
   Center                   Left Wing                Right Wing               Time % Phy DF OF 
 1 Cutter Gauthier          Fraser Minten            Collin Graf              35     1   2  2  
 2 Cole Sillinger           Zachary L'Heureux        Arthur Kaliyev           35     1   1  3  
 3 Brad Lambert             Nate Danielson           Tanner Pearson           20     1   2  2  
 4 Kevin Stenlund           Peyton Krebs             Vasili Podkolzin         10     2   2  1  

5 vs 5 Defense 
   Defense                  Defense                                           Time % Phy DF OF 
 1 Jackson LaCombe          Dmitry Orlov                                      40     1   2  2  
 2 Shayne Gostisbehere      Jamie Drysdale                                    30     1   2  2  
 3 Conor Timmins            Ryan Graves                                       20     3   1  1  
 4 Jamie Drysdale           Jackson LaCombe                                   10     1   2  2  

PowerPlay Forward 
   Center                   Left Wing                Right Wing               Time % Phy DF OF 
 1 Cutter Gauthier          Fraser Minten            Collin Graf              50     0   1  4  
 2 Cole Sillinger           Zachary L'Heureux        Arthur Kaliyev           50     0   1  4  

PowerPlay Defense
   Defense                  Defense                                           Time % Phy DF OF 
 1 Jackson LaCombe          Dmitry Orlov                                      50     1   2  2  
 2 Shayne Gostisbehere      Jamie Drysdale                                    50     1   2  2  

Penalty Kill 4 Players Forward 
   Center                   Wing                     Time % Phy DF OF 
 1 Kevin Stenlund           Nate Danielson           50     2   2  1  
 2 Cole Sillinger           Collin Graf              50     2   2  1  

Penalty Kill 4 Players Defense
   Defense                  Defense                  Time % Phy DF OF 
 1 Jackson LaCombe          Dmitry Orlov             50     2   2  1  
 2 Conor Timmins            Ryan Graves              50     2   2  1  

Penalty Kill - 3 Players Forward 
   Forward                                           Time % Phy DF OF 
 1 Cutter Gauthier                                   50     1   2  2  
 2 Cole Sillinger                                    50     1   2  2  

Penalty Kill - 3 Players Defense
   Defense                  Defense                  Time % Phy DF OF 
 1 Jackson LaCombe          Dmitry Orlov             50     1   2  2  
 2 Conor Timmins            Ryan Graves              50     2   2  1  

4 vs 4 Forward 
   Center                   Wing                     Time % Phy DF OF 
 1 Cutter Gauthier          Collin Graf              60     1   2  2  
 2 Cole Sillinger           Fraser Minten            40     1   1  3  

4 vs 4 Defense
   Defense                  Defense                  Time % Phy DF OF 
 1 Jackson LaCombe          Dmitry Orlov             60     1   2  2  
 2 Shayne Gostisbehere      Jamie Drysdale           40     1   2  2  

Last Minutes Offensive
   Center                   Left Wing                Right Wing               Defense                  Defense                  
   Cutter Gauthier          Cole Sillinger           Collin Graf              Jackson LaCombe          Dmitry Orlov             

Last Minutes Defensive
   Center                   Left Wing                Right Wing               Defense                  Defense                  
   Cutter Gauthier          Cole Sillinger           Collin Graf              Jackson LaCombe          Dmitry Orlov             

Goaltenders
Starting : Laurent Brossoit         
Backup : Sergei Bobrovsky         

Extra Forwards
Normal : Brad Lambert, Nate Danielson, Tanner Pearson - PP : Brad Lambert, Nate Danielson - PK : Brad Lambert
Extra Defensemen
Normal : Shayne Gostisbehere, Jamie Drysdale, Jackson LaCombe - PP : Shayne Gostisbehere - PK : Shayne Gostisbehere, Jamie Drysdale
Penalty Shots
Cutter Gauthier, Collin Graf, Cole Sillinger, Nate Danielson, Fraser Minten

Scratches
Jayden Struble (Healthy), Christian Fischer (Healthy), Kasperi Kapanen (Healthy), Yakov Trenin (Healthy), Vitek Vanecek (Healthy)

Boston Bruins

5 vs 5 Forward 
   Center                   Left Wing                Right Wing               Time % Phy DF OF 
 1 Ryan Strome              Alex Laferriere          Jaden Schwartz           30     1   2  2  
 2 Aatu Raty                Viktor Arvidsson         Maxim Tsyplakov          30     1   2  2  
 3 Sam Morton               Joel Farabee             Taylor Raddysh           25     1   2  2  
 4 Beck Malenstyn           Jakob Pelletier          Ozzy Wiesblatt           15     1   2  2  

5 vs 5 Defense 
   Defense                  Defense                                           Time % Phy DF OF 
 1 Samuel Girard            Rasmus Sandin                                     35     1   2  2  
 2 John Marino              Urho Vaakanainen                                  35     1   2  2  
 3 Adam Wilsby              Victor Mancini                                    30     1   2  2  
 4 Rasmus Sandin            Samuel Girard                                     0      1   2  2  

PowerPlay Forward 
   Center                   Left Wing                Right Wing               Time % Phy DF OF 
 1 Ryan Strome              Alex Laferriere          Jaden Schwartz           50     1   2  2  
 2 Beck Malenstyn           Viktor Arvidsson         Maxim Tsyplakov          50     1   2  2  

PowerPlay Defense
   Defense                  Defense                                           Time % Phy DF OF 
 1 Samuel Girard            Rasmus Sandin                                     50     1   2  2  
 2 John Marino              Urho Vaakanainen                                  50     1   2  2  

Penalty Kill 4 Players Forward 
   Center                   Wing                     Time % Phy DF OF 
 1 Alex Laferriere          Maxim Tsyplakov          50     1   2  2  
 2 Ryan Strome              Viktor Arvidsson         50     1   2  2  

Penalty Kill 4 Players Defense
   Defense                  Defense                  Time % Phy DF OF 
 1 Samuel Girard            Rasmus Sandin            50     1   2  2  
 2 John Marino              Urho Vaakanainen         50     1   2  2  

Penalty Kill - 3 Players Forward 
   Forward                                           Time % Phy DF OF 
 1 Alex Laferriere                                   50     1   2  2  
 2 Ryan Strome                                       50     1   2  2  

Penalty Kill - 3 Players Defense
   Defense                  Defense                  Time % Phy DF OF 
 1 Samuel Girard            Rasmus Sandin            50     1   2  2  
 2 John Marino              Urho Vaakanainen         50     1   2  2  

4 vs 4 Forward 
   Center                   Wing                     Time % Phy DF OF 
 1 Alex Laferriere          Joel Farabee             50     1   2  2  
 2 Ryan Strome              Viktor Arvidsson         50     1   2  2  

4 vs 4 Defense
   Defense                  Defense                  Time % Phy DF OF 
 1 Samuel Girard            Rasmus Sandin            50     1   2  2  
 2 John Marino              Urho Vaakanainen         50     1   2  2  

Last Minutes Offensive
   Center                   Left Wing                Right Wing               Defense                  Defense                  
   Ryan Strome              Alex Laferriere          Jaden Schwartz           Samuel Girard            Rasmus Sandin            

Last Minutes Defensive
   Center                   Left Wing                Right Wing               Defense                  Defense                  
   Ryan Strome              Alex Laferriere          Jaden Schwartz           Samuel Girard            Rasmus Sandin            

Goaltenders
Starting : Petr Mrazek              
Backup : Leevi Merilainen         

Extra Forwards
Normal : Jakob Pelletier, Joel Farabee, Beck Malenstyn - PP : Jakob Pelletier, Joel Farabee - PK : Beck Malenstyn
Extra Defensemen
Normal : Adam Wilsby, Victor Mancini, Rasmus Sandin - PP : Adam Wilsby - PK : Victor Mancini, Samuel Girard
Penalty Shots
Alex Laferriere, Jakob Pelletier, Ryan Strome, Viktor Arvidsson, Maxim Tsyplakov

Scratches
Jake Neighbours (Suspend), Jack Thompson (Healthy), Mark Kastelic (Back Injury), Philippe Daoust (Healthy), Marcus Hogberg (Healthy)

% Time on Ice - Detroit Red Wings

Lines # - Real PCT - Wanted PCT - Time Play
Normal Forward
1 - 31% - 35% - 15:16
2 - 30% - 35% - 14:56
3 - 24% - 20% - 11:55
4 - 16% - 10% - 7:48
Normal Defense
1 - 40% - 40% - 19:45
2 - 31% - 30% - 15:28
3 - 22% - 20% - 10:59
4 - 7% - 10% - 3:43
PP Forward
1 - 56% - 50% - 1:13
2 - 44% - 50% - 0:58
PP Defense
1 - 34% - 50% - 0:44
2 - 66% - 50% - 1:27
PK Forward
1 - 48% - 50% - 3:13
2 - 52% - 50% - 3:29
PK Defense
1 - 53% - 50% - 3:33
2 - 47% - 50% - 3:09
PK3 Forward
1 - 0% - 50%
2 - 0% - 50%
PK3 Defense
1 - 0% - 50%
2 - 0% - 50%
44 Forward
1 - 67% - 60% - 0:40
2 - 33% - 40% - 0:20
44 Defense
1 - 62% - 60% - 0:37
2 - 38% - 40% - 0:23
Last Minute Offensive  - 0:12
Last Minute Defensive  - 0:00
Total
Forward - 60:00
Defense - 60:00

% Time on Ice - Boston Bruins

Lines # - Real PCT - Wanted PCT - Time Play
Normal Forward
1 - 26% - 30% - 13:05
2 - 26% - 30% - 13:14
3 - 28% - 25% - 13:47
4 - 20% - 15% - 10:01
Normal Defense
1 - 34% - 35% - 17:13
2 - 35% - 35% - 17:18
3 - 30% - 30% - 15:03
4 - 1% - 0% - 0:33
PP Forward
1 - 53% - 50% - 3:35
2 - 47% - 50% - 3:07
PP Defense
1 - 49% - 50% - 3:18
2 - 51% - 50% - 3:24
PK Forward
1 - 52% - 50% - 1:08
2 - 48% - 50% - 1:03
PK Defense
1 - 50% - 50% - 1:06
2 - 50% - 50% - 1:05
PK3 Forward
1 - 0% - 50%
2 - 0% - 50%
PK3 Defense
1 - 0% - 50%
2 - 0% - 50%
44 Forward
1 - 43% - 50% - 0:26
2 - 57% - 50% - 0:34
44 Defense
1 - 50% - 50% - 0:30
2 - 50% - 50% - 0:30
Last Minute Offensive  - 0:00
Last Minute Defensive  - 0:00
Total
Forward - 60:00
Defense - 60:00

Play-by-Play

1st period


0:01 of 1st period - Cutter Gauthier wins face-off versus Jaden Schwartz in neutral zone.
0:04 of 1st period - Alex Laferriere is hit by Fraser Minten and loses puck.
0:13 of 1st period - Samuel Girard is hit by Fraser Minten and loses puck.
0:49 of 1st period - Snap shot by Viktor Arvidsson.
0:49 of 1st period - Shot Misses the Net.
0:51 of 1st period - Wrist shot by Taylor Raddysh.
0:51 of 1st period - Shot Blocked by Nate Danielson.
1:11 of 1st period - Snap shot by Vasili Podkolzin.
1:11 of 1st period - Shot Blocked by Rasmus Sandin.
1:17 of 1st period - Slapshot by Peyton Krebs.
1:17 of 1st period - Deflect By Vasili Podkolzin.
1:17 of 1st period - Shot Misses the Net.
1:17 of 1st period - Puck is out of play.
1:18 of 1st period - Ryan Strome wins face-off versus Zachary L'Heureux in Boston Bruins zone.
1:52 of 1st period - Snap shot by Cutter Gauthier.
1:52 of 1st period - Shot Blocked by Victor Mancini.
2:04 of 1st period - Snap shot by Kevin Stenlund.
2:04 of 1st period - Shot Misses the Net.
2:06 of 1st period - Snap shot by Vasili Podkolzin.
2:06 of 1st period - Shot Misses the Net.
2:08 of 1st period - Snap shot by Kevin Stenlund.
2:08 of 1st period - Stopped by Petr Mrazek without a rebound.
2:09 of 1st period - Sam Morton wins face-off versus Kevin Stenlund in Boston Bruins zone.
2:27 of 1st period - Jackson LaCombe is hit by Taylor Raddysh and loses puck.
2:40 of 1st period - Snap shot by Vasili Podkolzin.
2:40 of 1st period - Stopped by Petr Mrazek with a rebound.
2:58 of 1st period - Jackson LaCombe is hit by Joel Farabee and loses puck.
3:29 of 1st period - Wrist shot by Peyton Krebs.
3:29 of 1st period - Stopped by Petr Mrazek with a rebound.
3:41 of 1st period - Snap shot by Joel Farabee.
3:41 of 1st period - Stopped by Laurent Brossoit with a rebound.
3:43 of 1st period - Wrist shot by Sam Morton.
3:43 of 1st period - Stopped by Laurent Brossoit with a rebound.
3:45 of 1st period - Slapshot by Rasmus Sandin.
3:45 of 1st period - Shot Misses the Net.
3:47 of 1st period - Slapshot by Samuel Girard.
3:47 of 1st period - Deflect By Dmitry Orlov.
3:47 of 1st period - Stopped by Laurent Brossoit with a rebound.
3:49 of 1st period - Slapshot by Samuel Girard.
3:49 of 1st period - Deflect By Sam Morton.
3:49 of 1st period - Shot Blocked by Dmitry Orlov.
3:49 of 1st period - Puck is out of play.
3:50 of 1st period - Cole Sillinger wins face-off versus Ryan Strome in Detroit Red Wings zone.
3:57 of 1st period - Snap shot by Jaden Schwartz.
3:57 of 1st period - Stopped by Laurent Brossoit with a rebound.
4:01 of 1st period - Slapshot by Alex Laferriere.
4:01 of 1st period - Stopped by Laurent Brossoit with a rebound.
4:39 of 1st period - Snap shot by Tanner Pearson.
4:39 of 1st period - Shot Misses the Net.
5:01 of 1st period - Ryan Graves is hit by Ryan Strome and loses puck.
5:16 of 1st period - Urho Vaakanainen is hit by Ryan Graves and loses puck.
6:19 of 1st period - Victor Mancini is hit by Fraser Minten and loses puck.
6:38 of 1st period - Cole Sillinger is hit by Victor Mancini and loses puck.
7:51 of 1st period - Ryan Graves is hit by Beck Malenstyn.
8:12 of 1st period - Arthur Kaliyev is hit by Adam Wilsby and loses puck.
8:36 of 1st period - Urho Vaakanainen is hit by Conor Timmins.
8:51 of 1st period - Jaden Schwartz is hit by Nate Danielson and loses puck.
9:02 of 1st period - Rasmus Sandin is hit by Cutter Gauthier and loses puck.
9:35 of 1st period - Tanner Pearson is hit by Urho Vaakanainen and loses puck.
10:17 of 1st period - Ryan Strome is hit by Conor Timmins and loses puck.
10:32 of 1st period - Wrist shot by Arthur Kaliyev.
10:32 of 1st period - Shot Misses the Net.
10:34 of 1st period - Snap shot by Kevin Stenlund.
10:34 of 1st period - Shot Blocked by John Marino.
10:36 of 1st period - Snap shot by Vasili Podkolzin.
10:36 of 1st period - Shot Misses the Net.
10:38 of 1st period - Snap shot by Ryan Graves.
10:38 of 1st period - Stopped by Petr Mrazek without a rebound.
10:39 of 1st period - Aatu Raty wins face-off versus Brad Lambert in Boston Bruins zone.
10:48 of 1st period - Wrist shot by Tanner Pearson.
10:48 of 1st period - Shot Misses the Net.
10:50 of 1st period - Wrist shot by Nate Danielson.
10:50 of 1st period - Stopped by Petr Mrazek with a rebound.
10:52 of 1st period - Slapshot by Jamie Drysdale.
10:52 of 1st period - Deflect By Tanner Pearson.
10:52 of 1st period - Shot Blocked by Samuel Girard.
10:52 of 1st period - Puck is out of play.
10:53 of 1st period - Cutter Gauthier wins face-off versus Jaden Schwartz in Boston Bruins zone.
10:56 of 1st period - Snap shot by Cutter Gauthier.
10:56 of 1st period - Deflect By Jaden Schwartz.
10:56 of 1st period - Shot Misses the Net.
10:56 of 1st period - Puck is out of play.
10:57 of 1st period - Collin Graf wins face-off versus Ryan Strome in Boston Bruins zone.
11:28 of 1st period - Slapshot by Cole Sillinger.
11:28 of 1st period - Shot Blocked by Urho Vaakanainen.
11:44 of 1st period - Snap shot by Arthur Kaliyev.
11:44 of 1st period - Deflect By Tanner Pearson.
11:44 of 1st period - Stopped by Petr Mrazek with a rebound.
11:46 of 1st period - Snap shot by Tanner Pearson.
11:46 of 1st period - Stopped by Petr Mrazek without a rebound.
11:47 of 1st period - Sam Morton wins face-off versus Tanner Pearson in Boston Bruins zone.
12:16 of 1st period - Snap shot by Taylor Raddysh.
12:16 of 1st period - Stopped by Laurent Brossoit with a rebound.
13:10 of 1st period - Wrist shot by Taylor Raddysh.
13:10 of 1st period - Stopped by Laurent Brossoit with a rebound.
13:18 of 1st period - Jackson LaCombe is hit by Samuel Girard and loses puck.
14:41 of 1st period - Slapshot by Taylor Raddysh.
14:41 of 1st period - Stopped by Laurent Brossoit with a rebound.
14:43 of 1st period - Snap shot by Taylor Raddysh.
14:43 of 1st period - Shot Misses the Net.
14:45 of 1st period - Slapshot by Rasmus Sandin.
14:45 of 1st period - Shot Hit the Post.
15:03 of 1st period - Snap shot by Taylor Raddysh.
15:03 of 1st period - Stopped by Laurent Brossoit with a rebound.
15:17 of 1st period - Samuel Girard is hit by Collin Graf and loses puck.
15:36 of 1st period - Snap shot by Taylor Raddysh.
15:36 of 1st period - Stopped by Laurent Brossoit with a rebound.
15:38 of 1st period - Slapshot by Rasmus Sandin.
15:38 of 1st period - Stopped by Laurent Brossoit with a rebound.
15:52 of 1st period - Cutter Gauthier is hit by Taylor Raddysh and loses puck.
16:29 of 1st period - Snap shot by Sam Morton.
16:29 of 1st period - Shot Misses the Net.
16:33 of 1st period - Wrist shot by Taylor Raddysh.
16:33 of 1st period - Shot Blocked by Collin Graf.
16:35 of 1st period - Wrist shot by Rasmus Sandin.
16:35 of 1st period - Deflect By Taylor Raddysh.
16:35 of 1st period - Shot Misses the Net.
16:35 of 1st period - Puck is out of play.
16:36 of 1st period - Cole Sillinger wins face-off versus Ryan Strome in Detroit Red Wings zone.
16:43 of 1st period - Snap shot by Zachary L'Heureux.
16:43 of 1st period - Shot Blocked by John Marino.
18:32 of 1st period - Zachary L'Heureux is hit by Aatu Raty and loses puck.
19:46 of 1st period - Alex Laferriere is hit by Nate Danielson.
Goals for this period are 0 for Detroit Red Wings vs 0 for Boston Bruins.
Shots for this period are 7 for Detroit Red Wings vs 11 for Boston Bruins.

2nd period


0:01 of 2nd period - Cole Sillinger wins face-off versus Aatu Raty in neutral zone.
0:15 of 2nd period - Maxim Tsyplakov is hit by Arthur Kaliyev.
0:25 of 2nd period - Nate Danielson is hit by Ryan Strome and loses puck.
0:34 of 2nd period - Snap shot by Ryan Strome.
0:34 of 2nd period - Shot Blocked by Brad Lambert.
0:52 of 2nd period - Snap shot by Ozzy Wiesblatt.
0:52 of 2nd period - Shot Misses the Net.
0:54 of 2nd period - Slapshot by Rasmus Sandin.
0:54 of 2nd period - Deflect By Collin Graf.
0:54 of 2nd period - Stopped by Laurent Brossoit with a rebound.
1:06 of 2nd period - Wrist shot by Vasili Podkolzin.
1:06 of 2nd period - Stopped by Petr Mrazek with a rebound.
1:08 of 2nd period - Slapshot by Jamie Drysdale.
1:08 of 2nd period - Shot Blocked by Rasmus Sandin.
1:10 of 2nd period - Slapshot by Jackson LaCombe.
1:10 of 2nd period - Stopped by Petr Mrazek without a rebound.
1:11 of 2nd period - Aatu Raty wins face-off versus Cole Sillinger in Boston Bruins zone.
1:25 of 2nd period - Icing by Arthur Kaliyev.
1:26 of 2nd period - Cole Sillinger wins face-off versus Alex Laferriere in Detroit Red Wings zone.
2:14 of 2nd period - Off-side.
2:15 of 2nd period - Beck Malenstyn wins face-off versus Cutter Gauthier in neutral zone.
2:28 of 2nd period - Fraser Minten is hit by Beck Malenstyn and loses puck.
2:37 of 2nd period - Slapshot by Jakob Pelletier.
2:37 of 2nd period - Stopped by Laurent Brossoit without a rebound.
2:38 of 2nd period - Cole Sillinger wins face-off versus Jaden Schwartz in Detroit Red Wings zone.
3:25 of 2nd period - Cutter Gauthier is hit by Beck Malenstyn and loses puck.
3:48 of 2nd period - Snap shot by Peyton Krebs.
3:48 of 2nd period - Shot Misses the Net.
3:50 of 2nd period - Wrist shot by Peyton Krebs.
3:50 of 2nd period - Stopped by Petr Mrazek with a rebound.
3:52 of 2nd period - Slapshot by Dmitry Orlov.
3:52 of 2nd period - Stopped by Petr Mrazek without a rebound.
3:53 of 2nd period - Zachary L'Heureux wins face-off versus Ryan Strome in Boston Bruins zone.
3:59 of 2nd period - Minor Penalty to Jaden Schwartz for Interference.
4:00 of 2nd period - Alex Laferriere wins face-off versus Cutter Gauthier in Boston Bruins zone.
4:12 of 2nd period - Wrist shot by Collin Graf.
4:12 of 2nd period - Goal by Collin Graf - Detroit Red Wings : 1 - Boston Bruins : 0.
4:13 of 2nd period - Cole Sillinger wins face-off versus Aatu Raty in neutral zone.
4:18 of 2nd period - Wrist shot by Cole Sillinger.
4:18 of 2nd period - Stopped by Petr Mrazek with a rebound.
4:39 of 2nd period - Wrist shot by Cutter Gauthier.
4:39 of 2nd period - Shot Misses the Net.
4:47 of 2nd period - Snap shot by Maxim Tsyplakov.
4:47 of 2nd period - Shot Misses the Net.
5:41 of 2nd period - Brad Lambert is hit by Ozzy Wiesblatt and loses puck.
6:02 of 2nd period - Snap shot by Zachary L'Heureux.
6:02 of 2nd period - Shot Misses the Net.
6:12 of 2nd period - Cole Sillinger is hit by Alex Laferriere and loses puck.
6:33 of 2nd period - Snap shot by Joel Farabee.
6:33 of 2nd period - Deflect By Taylor Raddysh.
6:33 of 2nd period - Stopped by Laurent Brossoit with a rebound.
6:55 of 2nd period - Slapshot by Vasili Podkolzin.
6:55 of 2nd period - Stopped by Petr Mrazek with a rebound.
8:08 of 2nd period - Minor Penalty to Jamie Drysdale for Slashing.
8:09 of 2nd period - Ryan Strome wins face-off versus Kevin Stenlund in Detroit Red Wings zone.
8:09 of 2nd period - Snap shot by Alex Laferriere.
8:09 of 2nd period - Stopped by Laurent Brossoit with a rebound.
8:15 of 2nd period - Snap shot by Ryan Strome.
8:15 of 2nd period - Goal by Ryan Strome - Detroit Red Wings : 1 - Boston Bruins : 1.
8:16 of 2nd period - Ryan Strome wins face-off versus Cole Sillinger in neutral zone.
8:54 of 2nd period - Snap shot by Cutter Gauthier.
8:54 of 2nd period - Stopped by Petr Mrazek with a rebound.
9:11 of 2nd period - Snap shot by Viktor Arvidsson.
9:11 of 2nd period - Stopped by Laurent Brossoit without a rebound.
9:12 of 2nd period - Cole Sillinger wins face-off versus Alex Laferriere in Detroit Red Wings zone.
9:21 of 2nd period - Wrist shot by Jaden Schwartz.
9:21 of 2nd period - Shot Blocked by Arthur Kaliyev.
9:42 of 2nd period - Cutter Gauthier is hit by Adam Wilsby and loses puck.
9:57 of 2nd period - Snap shot by Joel Farabee.
9:57 of 2nd period - Deflect By Taylor Raddysh.
9:57 of 2nd period - Stopped by Laurent Brossoit without a rebound.
9:58 of 2nd period - Brad Lambert wins face-off versus Sam Morton in Detroit Red Wings zone.
10:07 of 2nd period - Slapshot by Shayne Gostisbehere.
10:07 of 2nd period - Shot Blocked by John Marino.
10:23 of 2nd period - Jamie Drysdale is hit by Ryan Strome and loses puck.
10:42 of 2nd period - Snap shot by Maxim Tsyplakov.
10:42 of 2nd period - Stopped by Laurent Brossoit with a rebound.
11:04 of 2nd period - Icing by Jakob Pelletier.
11:05 of 2nd period - Beck Malenstyn wins face-off versus Kevin Stenlund in Boston Bruins zone.
11:22 of 2nd period - Adam Wilsby is hit by Conor Timmins and loses puck.
11:29 of 2nd period - Wrist shot by Vasili Podkolzin.
11:29 of 2nd period - Stopped by Petr Mrazek with a rebound.
11:31 of 2nd period - Minor Penalty to Ozzy Wiesblatt for High sticking.
11:32 of 2nd period - Alex Laferriere wins face-off versus Cole Sillinger in Boston Bruins zone.
12:19 of 2nd period - Shayne Gostisbehere is hit by Rasmus Sandin.
12:30 of 2nd period - Minor Penalty to Zachary L'Heureux for Roughing.
12:31 of 2nd period - Alex Laferriere wins face-off versus Cutter Gauthier in Detroit Red Wings zone.
12:36 of 2nd period - Snap shot by Joel Farabee.
12:36 of 2nd period - Shot Misses the Net.
13:31 of 2nd period - Penalty to Ozzy Wiesblatt is over, Ozzy Wiesblatt is back on ice.
14:30 of 2nd period - Penalty to Zachary L'Heureux is over, Zachary L'Heureux is back on ice.
14:46 of 2nd period - Snap shot by Sam Morton.
14:46 of 2nd period - Deflect By Taylor Raddysh.
14:46 of 2nd period - Stopped by Laurent Brossoit with a rebound.
14:48 of 2nd period - Wrist shot by Victor Mancini.
14:48 of 2nd period - Shot Misses the Net.
14:50 of 2nd period - Wrist shot by Taylor Raddysh.
14:50 of 2nd period - Stopped by Laurent Brossoit with a rebound.
15:02 of 2nd period - Dmitry Orlov is hit by Jakob Pelletier.
15:32 of 2nd period - Slapshot by Jamie Drysdale.
15:32 of 2nd period - Shot Blocked by Adam Wilsby.
15:39 of 2nd period - Icing by Taylor Raddysh.
15:40 of 2nd period - Beck Malenstyn wins face-off versus Kevin Stenlund in Boston Bruins zone.
15:54 of 2nd period - Off-side.
15:55 of 2nd period - Ryan Strome wins face-off versus Brad Lambert in neutral zone.
16:20 of 2nd period - Maxim Tsyplakov is hit by Vasili Podkolzin and loses puck.
16:47 of 2nd period - Rasmus Sandin is hit by Cole Sillinger and loses puck.
17:00 of 2nd period - Snap shot by Joel Farabee.
17:00 of 2nd period - Stopped by Laurent Brossoit with a rebound.
17:02 of 2nd period - Slapshot by Adam Wilsby.
17:02 of 2nd period - Deflect By Cutter Gauthier.
17:02 of 2nd period - Stopped by Laurent Brossoit with a rebound.
17:04 of 2nd period - Backhand shot by Joel Farabee.
17:04 of 2nd period - Stopped by Laurent Brossoit with a rebound.
17:16 of 2nd period - Minor Penalty to Conor Timmins for Tripping.
17:17 of 2nd period - Kevin Stenlund wins face-off versus Beck Malenstyn in Detroit Red Wings zone.
17:17 of 2nd period - Kevin Stenlund is hit by Samuel Girard.
17:43 of 2nd period - Samuel Girard is hit by Kevin Stenlund and loses puck.
17:50 of 2nd period - Snap shot by Jaden Schwartz.
17:50 of 2nd period - Shot Misses the Net.
17:52 of 2nd period - Wrist shot by Urho Vaakanainen.
17:52 of 2nd period - Shot Blocked by Jackson LaCombe.
17:54 of 2nd period - Snap shot by John Marino.
17:54 of 2nd period - Shot Misses the Net.
18:04 of 2nd period - Snap shot by Nate Danielson.
18:04 of 2nd period - Stopped by Petr Mrazek without a rebound.
18:05 of 2nd period - Beck Malenstyn wins face-off versus Cole Sillinger in Boston Bruins zone.
19:16 of 2nd period - Penalty to Conor Timmins is over, Conor Timmins is back on ice.
19:19 of 2nd period - Backhand shot by Jackson LaCombe.
19:19 of 2nd period - Shot Misses the Net.
19:21 of 2nd period - Slapshot by Dmitry Orlov.
19:21 of 2nd period - Stopped by Petr Mrazek without a rebound.
19:22 of 2nd period - Brad Lambert wins face-off versus Sam Morton in Boston Bruins zone.
19:25 of 2nd period - Snap shot by Tanner Pearson.
19:25 of 2nd period - Shot Misses the Net.
19:45 of 2nd period - Rasmus Sandin is hit by Vasili Podkolzin and loses puck.
Goals for this period are 1 for Detroit Red Wings vs 1 for Boston Bruins.
Shots for this period are 11 for Detroit Red Wings vs 13 for Boston Bruins.

3rd period


0:01 of 3rd period - Ryan Strome wins face-off versus Cole Sillinger in neutral zone.
0:04 of 3rd period - Slapshot by John Marino.
0:04 of 3rd period - Stopped by Laurent Brossoit without a rebound.
0:05 of 3rd period - Ryan Strome wins face-off versus Cole Sillinger in Detroit Red Wings zone.
0:14 of 3rd period - Snap shot by Ryan Strome.
0:14 of 3rd period - Stopped by Laurent Brossoit without a rebound.
0:15 of 3rd period - Ryan Strome wins face-off versus Cole Sillinger in Detroit Red Wings zone.
0:22 of 3rd period - Wrist shot by Alex Laferriere.
0:22 of 3rd period - Shot Misses the Net.
0:30 of 3rd period - Slapshot by Jackson LaCombe.
0:30 of 3rd period - Stopped by Petr Mrazek with a rebound.
0:42 of 3rd period - Slapshot by Collin Graf.
0:42 of 3rd period - Stopped by Petr Mrazek without a rebound.
0:43 of 3rd period - Aatu Raty wins face-off versus Cutter Gauthier in Boston Bruins zone.
1:12 of 3rd period - Snap shot by Cutter Gauthier.
1:12 of 3rd period - Stopped by Petr Mrazek with a rebound.
1:14 of 3rd period - Slapshot by Jamie Drysdale.
1:14 of 3rd period - Stopped by Petr Mrazek without a rebound.
1:15 of 3rd period - Ryan Strome wins face-off versus Cole Sillinger in Boston Bruins zone.
1:15 of 3rd period - Ryan Strome is hit by Cole Sillinger.
1:23 of 3rd period - Wrist shot by Cole Sillinger.
1:23 of 3rd period - Shot Misses the Net.
1:50 of 3rd period - Beck Malenstyn is hit by Brad Lambert and loses puck.
2:09 of 3rd period - Snap shot by Collin Graf.
2:09 of 3rd period - Shot Blocked by Sam Morton.
2:11 of 3rd period - Slapshot by Shayne Gostisbehere.
2:11 of 3rd period - Deflect By Collin Graf.
2:11 of 3rd period - Stopped by Petr Mrazek with a rebound.
2:42 of 3rd period - Joel Farabee is hit by Cole Sillinger and loses puck.
3:03 of 3rd period - Snap shot by Taylor Raddysh.
3:03 of 3rd period - Deflect By Nate Danielson.
3:03 of 3rd period - Shot Blocked by Conor Timmins.
3:03 of 3rd period - Puck is out of play.
3:04 of 3rd period - Ryan Strome wins face-off versus Brad Lambert in Detroit Red Wings zone.
3:19 of 3rd period - Wrist shot by Jaden Schwartz.
3:19 of 3rd period - Deflect By Nate Danielson.
3:19 of 3rd period - Goal by Jaden Schwartz - Detroit Red Wings : 1 - Boston Bruins : 2.
3:20 of 3rd period - Aatu Raty wins face-off versus Cole Sillinger in neutral zone.
3:25 of 3rd period - Snap shot by Maxim Tsyplakov.
3:25 of 3rd period - Stopped by Laurent Brossoit with a rebound.
3:33 of 3rd period - Backhand shot by Jackson LaCombe.
3:33 of 3rd period - Shot Blocked by Maxim Tsyplakov.
3:50 of 3rd period - Fraser Minten is hit by Alex Laferriere and loses puck.
5:17 of 3rd period - Beck Malenstyn is hit by Brad Lambert and loses puck.
5:25 of 3rd period - Off-side.
5:26 of 3rd period - Ryan Strome wins face-off versus Cole Sillinger in neutral zone.
5:52 of 3rd period - Minor Penalty to Dmitry Orlov for Holding.
5:53 of 3rd period - Ryan Strome wins face-off versus Cole Sillinger in Detroit Red Wings zone.
6:08 of 3rd period - Wrist shot by Jaden Schwartz.
6:08 of 3rd period - Goal by Jaden Schwartz - Detroit Red Wings : 1 - Boston Bruins : 3.
6:09 of 3rd period - Aatu Raty wins face-off versus Cole Sillinger in neutral zone.
6:35 of 3rd period - Cutter Gauthier is hit by Alex Laferriere and loses puck.
6:40 of 3rd period - Wrist shot by Jaden Schwartz.
6:40 of 3rd period - Shot Misses the Net.
6:42 of 3rd period - Slapshot by Victor Mancini.
6:42 of 3rd period - Deflect By Alex Laferriere.
6:42 of 3rd period - Shot Misses the Net.
6:42 of 3rd period - Puck is out of play.
6:43 of 3rd period - Ryan Strome wins face-off versus Cutter Gauthier in Detroit Red Wings zone.
6:44 of 3rd period - Slapshot by Jaden Schwartz.
6:44 of 3rd period - Stopped by Laurent Brossoit without a rebound.
6:45 of 3rd period - Ryan Strome wins face-off versus Cutter Gauthier in Detroit Red Wings zone.
7:08 of 3rd period - Icing by Adam Wilsby.
7:09 of 3rd period - Ryan Strome wins face-off versus Cole Sillinger in Boston Bruins zone.
7:24 of 3rd period - Snap shot by Cole Sillinger.
7:24 of 3rd period - Shot Misses the Net.
7:41 of 3rd period - Brad Lambert is hit by Maxim Tsyplakov and loses puck.
7:52 of 3rd period - Snap shot by Maxim Tsyplakov.
7:52 of 3rd period - Shot Blocked by Tanner Pearson.
8:12 of 3rd period - Snap shot by Maxim Tsyplakov.
8:12 of 3rd period - Shot Misses the Net.
8:14 of 3rd period - Slapshot by Samuel Girard.
8:14 of 3rd period - Shot Blocked by Dmitry Orlov.
8:16 of 3rd period - Snap shot by Maxim Tsyplakov.
8:16 of 3rd period - Shot Misses the Net.
8:18 of 3rd period - Snap shot by Samuel Girard.
8:18 of 3rd period - Shot Blocked by Dmitry Orlov.
8:20 of 3rd period - Slapshot by Victor Mancini.
8:20 of 3rd period - Shot Misses the Net.
8:22 of 3rd period - Slapshot by Adam Wilsby.
8:22 of 3rd period - Stopped by Laurent Brossoit without a rebound.
8:23 of 3rd period - Ryan Strome wins face-off versus Cole Sillinger in Detroit Red Wings zone.
8:28 of 3rd period - Wrist shot by Alex Laferriere.
8:28 of 3rd period - Shot Blocked by Cole Sillinger.
8:30 of 3rd period - Minor Penalty to Zachary L'Heureux for Hooking.
8:31 of 3rd period - Ryan Strome wins face-off versus Collin Graf in Detroit Red Wings zone.
9:22 of 3rd period - Icing by John Marino.
9:23 of 3rd period - Ryan Strome wins face-off versus Cole Sillinger in Boston Bruins zone.
9:43 of 3rd period - Off-side.
9:44 of 3rd period - Beck Malenstyn wins face-off versus Kevin Stenlund in neutral zone.
9:47 of 3rd period - Conor Timmins is hit by Viktor Arvidsson and loses puck.
9:52 of 3rd period - Wrist shot by Viktor Arvidsson.
9:52 of 3rd period - Goal by Viktor Arvidsson - Detroit Red Wings : 1 - Boston Bruins : 4.
9:53 of 3rd period - Cole Sillinger wins face-off versus Ryan Strome in neutral zone.
10:00 of 3rd period - Wrist shot by Ryan Strome.
10:00 of 3rd period - Stopped by Laurent Brossoit without a rebound.
10:01 of 3rd period - Ryan Strome wins face-off versus Cole Sillinger in Detroit Red Wings zone.
10:14 of 3rd period - Snap shot by Jaden Schwartz.
10:14 of 3rd period - Shot Blocked by Dmitry Orlov.
11:27 of 3rd period - Slapshot by Cole Sillinger.
11:27 of 3rd period - Stopped by Petr Mrazek with a rebound.
11:29 of 3rd period - Wrist shot by Zachary L'Heureux.
11:29 of 3rd period - Goal by Zachary L'Heureux - Detroit Red Wings : 2 - Boston Bruins : 4.
11:30 of 3rd period - Cole Sillinger wins face-off versus Jaden Schwartz in neutral zone.
11:35 of 3rd period - Snap shot by Zachary L'Heureux.
11:35 of 3rd period - Goal by Zachary L'Heureux - Detroit Red Wings : 3 - Boston Bruins : 4.
11:36 of 3rd period - Ryan Strome wins face-off versus Cole Sillinger in neutral zone.
11:45 of 3rd period - Slapshot by Zachary L'Heureux.
11:45 of 3rd period - Stopped by Petr Mrazek with a rebound.
11:47 of 3rd period - Snap shot by Shayne Gostisbehere.
11:47 of 3rd period - Stopped by Petr Mrazek with a rebound.
11:49 of 3rd period - Slapshot by Jamie Drysdale.
11:49 of 3rd period - Shot Blocked by John Marino.
13:36 of 3rd period - Slapshot by Maxim Tsyplakov.
13:36 of 3rd period - Stopped by Laurent Brossoit without a rebound.
13:37 of 3rd period - Aatu Raty wins face-off versus Brad Lambert in Detroit Red Wings zone.
13:59 of 3rd period - Icing by Viktor Arvidsson.
14:00 of 3rd period - Aatu Raty wins face-off versus Cole Sillinger in Boston Bruins zone.
14:08 of 3rd period - Minor Penalty to Zachary L'Heureux for Holding.
14:09 of 3rd period - Kevin Stenlund wins face-off versus Beck Malenstyn in Detroit Red Wings zone.
14:35 of 3rd period - Jackson LaCombe is hit by Ryan Strome and loses puck.
14:44 of 3rd period - Snap shot by Alex Laferriere.
14:44 of 3rd period - Shot Misses the Net.
15:16 of 3rd period - Conor Timmins is hit by Alex Laferriere and loses puck.
16:08 of 3rd period - Penalty to Zachary L'Heureux is over, Zachary L'Heureux is back on ice.
16:17 of 3rd period - Slapshot by Arthur Kaliyev.
16:17 of 3rd period - Stopped by Petr Mrazek without a rebound.
16:18 of 3rd period - Cole Sillinger wins face-off versus Sam Morton in Boston Bruins zone.
16:35 of 3rd period - Snap shot by Collin Graf.
16:35 of 3rd period - Shot Misses the Net.
16:37 of 3rd period - Slapshot by Jamie Drysdale.
16:37 of 3rd period - Shot Misses the Net.
16:41 of 3rd period - Wrist shot by Collin Graf.
16:41 of 3rd period - Shot Blocked by Victor Mancini.
17:18 of 3rd period - Slapshot by Vasili Podkolzin.
17:18 of 3rd period - Shot Misses the Net.
17:20 of 3rd period - Slapshot by Vasili Podkolzin.
17:20 of 3rd period - Stopped by Petr Mrazek with a rebound.
17:47 of 3rd period - Slapshot by Viktor Arvidsson.
17:47 of 3rd period - Shot Misses the Net.
17:49 of 3rd period - Slapshot by John Marino.
17:49 of 3rd period - Stopped by Laurent Brossoit with a rebound.
18:07 of 3rd period - Jamie Drysdale is hit by Rasmus Sandin and loses puck.
18:41 of 3rd period - Snap shot by Ozzy Wiesblatt.
18:41 of 3rd period - Stopped by Laurent Brossoit without a rebound.
18:42 of 3rd period - Beck Malenstyn wins face-off versus Cole Sillinger in Detroit Red Wings zone.
18:55 of 3rd period - Detroit Red Wings, Laurent Brossoit is pulled from the net.
19:00 of 3rd period - Minor Penalty to Adam Wilsby for Delaying the game.
19:01 of 3rd period - Cutter Gauthier wins face-off versus Alex Laferriere in Boston Bruins zone.
Goals for this period are 2 for Detroit Red Wings vs 3 for Boston Bruins.
Shots for this period are 12 for Detroit Red Wings vs 12 for Boston Bruins.